 Dungeon Crawl Stone Soup version 0.27-a0-1196-g3e9cee4cb2 (webtiles) character file.

Game seed: 14388131584946704111

46 mordus the Sneak (level 3, 0/18 HPs)
             Began as a Spriggan Brigand on May 28, 2021.
             Slain by a goblin
             ... wielding a +0 club
             ... led by Robin
              (2 damage)
             ... on level 2 of the Dungeon.
             The game lasted 00:06:04 (1400 turns).

mordus the Sneak (Spriggan Brigand)                 Turns: 1400, Time: 00:06:04

Health: 0/18       AC:  3    Str:  7    XL:     3   Next: 44%
Magic:  4/4        EV: 16    Int: 12    God:
Gold:   57         SH:  0    Dex: 17    Spells: 2/2 levels left

rFire    . . .     SeeInvis +   a - +2 dagger
rCold    . . .     Faith    .   (shield restricted)
rNeg     . . .     Spirit   .   b - +0 robe
rPois    .         Reflect  .   (helmet restricted)
rElec    .         Harm     .   c - +0 cloak
rCorr    .         Rampage  .   (gloves unavailable)
Will     .....                  (boots unavailable)
Stlth    ++++......             (no amulet)
HPRegen  0.06/turn              (no ring)
MPRegen  0.09/turn              (no ring)

@: very quick
A: very small, no large weapons, unfitting armour, see invisible, speed 3
a: no special abilities


You were on level 2 of the Dungeon.
You visited 1 branch of the dungeon, and saw 2 of its levels.

You collected 57 gold pieces.

Inventory:

Hand Weapons
 a - a +2 dagger (weapon)
Missiles
 d - 21 poisoned darts (quivered)
 e - 7 curare-tipped darts
Armour
 b - a +0 robe (worn)
 c - a +0 cloak (worn)
Potions
 f - 3 potions of degeneration {unknown}
 g - a potion of heal wounds {unknown}
 h - a potion of haste {unknown}


   Skills:
 - Level 1.5 Fighting
 * Level 3.4 Short Blades
 - Level 2.0 Throwing
 - Level 1.3 Dodging
 * Level 7.0 Stealth


You had 2 spell levels left.
You didn't know any spells.
Your spell library contained the following spells:

 Spells                   Type           Power      Damage    Failure   Level
 Summon Small Mammal      Summ           0%         N/A       32%         1
 Call Imp                 Summ           0%         N/A       45%         2
 Call Canine Familiar     Summ           0%         N/A       69%         3
 Summon Guardian Golem    Hex/Summ       0%         N/A       69%         3
 Summon Ice Beast         Ice/Summ       0%         N/A       97%         4
 Summon Lightning Spire   Summ/Air       0%         N/A       97%         4


Dungeon Overview and Level Annotations

Branches:
Dungeon (2/15)

Altars:

Annotations:
D:2 Robin


Innate Abilities, Weirdness & Mutations

You are very small and have problems with some larger weapons.
You are too small for most types of armour.
You have supernaturally acute eyesight. (SInv)
You cover ground extremely quickly. (Speed+++)


Message History

Aim: Robin, wielding a +2 mace of protection, wearing a +1 animal skin and wearing a +0 helmet (68% to hit)
You throw a curare-tipped dart. The curare-tipped dart hits Robin.
Robin is poisoned.
Robin convulses.
Robin seems to slow down.
Robin is moderately wounded.
Throw: 25 darts (poison)
Press: ? - help, Q - select action, (/) - cycle Shift-Dir - straight line, f/p - Robin
Aim: Robin, wielding a +2 mace of protection, wearing a +1 animal skin and wearing a +0 helmet (moderately wounded, very poisoned, slow, 68% to hit)
You throw a poisoned dart. The poisoned dart barely misses Robin.
Throw: 24 darts (poison)
Press: ? - help, Q - select action, (/) - cycle Shift-Dir - straight line, f/p - Robin
Aim: Robin, wielding a +2 mace of protection, wearing a +1 animal skin and wearing a +0 helmet (heavily wounded, very poisoned, slow, 68% to hit)
You throw a poisoned dart. The poisoned dart hits Robin.
Robin looks even sicker.
Robin is heavily wounded.
The goblin shouts!
Throw: 23 darts (poison)
Press: ? - help, Q - select action, (/) - cycle Shift-Dir - straight line, f/p - Robin
Aim: Robin, wielding a +2 mace of protection, wearing a +1 animal skin and wearing a +0 helmet (severely wounded, very poisoned, slow, 68% to hit)
You throw a poisoned dart. The poisoned dart hits Robin.
Robin is severely wounded.
You hit Robin but do no damage.
Robin is severely wounded.
You hit Robin but do no damage.
Robin is severely wounded.
A hobgoblin comes into view.
Robin hits you with a +2 mace of protection!
Ouch! That really hurt!
* * * LOW HITPOINT WARNING * * *
Throw: 22 darts (poison)
Press: ? - help, Q - select action, (/) - cycle Shift-Dir - straight line, f/p - Robin
Aim: Robin, wielding a +2 mace of protection, wearing a +1 animal skin and wearing a +0 helmet (severely wounded, very poisoned, slow, 68% to hit)
You throw a poisoned dart. The poisoned dart barely misses Robin.
The poisoned dart hits the goblin.
The goblin is poisoned.
The hobgoblin shouts!
Robin throws the goblin at you! The goblin barely misses you.
A gnoll comes into view. It is wielding a +0 club.
The goblin hits you with a +0 club.
You die...

#.....##.##........
#......))...#####..
#.....##....# ###
######.....##....#
...........#######
.......)#####
........#...####
..............>#
..####.@#....#.####
. #g............
#.#......g..#
#.#..##.......
#g#..# .#.#...
#g#... .. # ..
#(##.##g#. #g##.g
.#.# #(###. g# #


You could see Robin (very poisoned, slow), a gnoll (wandering), a hobgoblin and
3 goblins.

Vanquished Creatures
  A gnoll (D:2)
  An endoplasm (D:1)
  A giant cockroach (D:1)
  6 goblins
  3 hobgoblins (D:2)
  8 jackals (D:1)
  2 kobolds (D:1)
  A quokka (D:1)
  A ball python (D:1)
  2 bats (D:1)
  4 frilled lizards
  A rat (D:1)
31 creatures vanquished.

Notes
Turn   | Place    | Note
-------+----------+-------------------------------------------
     0 | D:1      | mordus the Spriggan Brigand began the quest for the Orb.
     0 | D:1      | Reached XP level 1. HP: 10/10 MP: 2/2
   199 | D:1      | Reached skill level 6 in Stealth
   389 | D:1      | Reached XP level 2. HP: 14/14 MP: 3/3
  1207 | D:2      | Noticed Robin
  1232 | D:2      | Reached XP level 3. HP: 15/18 MP: 4/4
  1387 | D:2      | Reached skill level 7 in Stealth
  1400 | D:2      | Slain by a goblin

Illustrated notes

Levels and vault maps discovered:
D:1:      ebering_hopf_link, layout_basic, grunt_decor_resistance,
          minmay_box_of_dots
D:2:      layout_basic, uniq_sigmund, uniq_crazy_yiuf_cottage, uniq_robin

Skill      XL: |  1  2  3 |
---------------+----------+-----
Stealth        | 6 7 |  7.0
Short Blades   | 3 |  3.4
Fighting       | |  1.5
Throwing       | |  2.0
Dodging        | |  1.3

Action                   || total
-------------------------++-------
Melee: Dagger            ||   107
Throw: Dart              ||    21
 Stab: Sleeping          ||     4
Armor: Robe              ||    11
Dodge: Dodged            ||    67

Table legend: (Time is in decaauts)
 A = Elapsed time spent in this place.
 B = Non-inter-level travel time spent in this place.
 C = Inter-level travel time spent in this place.
 D = Time resting spent in this place.
 E = Time spent auto-exploring this place.
 F = Levels seen in this place.
 G = Mean time per level.
                   A        B        C        D        E       F      G
               +--------+--------+--------+--------+--------+-----+--------+
         Total |   1041 |   1030 |     11 |    132 |    612 |   2 |  520.5 |
       Dungeon |   1041 |   1030 |     11 |    132 |    612 |   2 |  520.5 |
               +--------+--------+--------+--------+--------+-----+--------+

Top non-repeatable levels by time:
     D:1: 845 daAuts
     D:2: 196 daAuts
